 Dungeon Crawl Stone Soup version 0.32-a0-42-ga30500b4d3 (webtiles) character file.

Game seed: 8749804899408504352

1458769 PaperRat the Genius of the Arcane (level 26, 213/213 HPs)
             Began as a Vampire Alchemist on Feb 3, 2024.
             Was the Champion of Sif Muna.
             Escaped with the Orb
             ... and 3 runes on Feb 4, 2024!
             The game lasted 07:25:44 (96040 turns).

PaperRat the Genius of the Arcane (VpAl)           Turns: 96040, Time: 07:25:44

Health: 213/213    AC: 19    Str:  4    XL:     26   Next: 82%
Magic:  29/44      EV: 25    Int: 35    God:    Sif Muna [******]
Gold:   3620       SH:  9    Dex: 20    Spells: 3/59 levels left

rFire   + . .        a - +8 dagger of Amorous Prudence {venom, Will+}
rCold   + . .        s - +3 warlock's mirror {omnireflect}
rNeg    + . .        N - +2 robe {rC+ rF+}
rPois   +            x - +2 helmet
rElec   +            J - +3 cloak of Nocvir {rElec rN+ Str-2 Stlth+}
rCorr   .            H - +3 pair of gauntlets of War {Slay+5}
SInv    +            v - +2 pair of boots {rampage}
Will    +++..        p - amulet of faith
Stlth   +++          U - ring of poison resistance
HPRegen 0.75/turn    m - ring of Sodugh {rElec Int+5 Dex+3 Slay+4, =R}
MPRegen 0.29/turn

%: reflection, rampage, faith
@: healing quickly
A: alive, fangs 3, see invisible, vampiric 2, clever 1
0: Orb of Zot
}: 3/15 runes: serpentine, barnacled, silver
a: Exsanguinate, Renounce Religion, Channel Magic, Forget Spell, Divine Exegesis


You escaped.
You worshipped Sif Muna.
Sif Muna was exalted by your worship.
You visited 10 branches of the dungeon, and saw 48 of its levels.
You visited 1 bazaar.
You also visited: Trove, Bailey, Ice Cave and Wizlab.

You collected 10213 gold pieces.
You spent 6593 gold pieces at shops.

Inventory:

Hand Weapons
 a - the +8 dagger of Amorous Prudence (weapon) {venom, Will+}
   (You found it on level 5 of the Lair of Beasts)

   Will+:     It increases your willpower.
 w - the +10 rapier "Conservator" {flame, rF+ Str+3 Int+5}
   (You found it in a treasure trove)

   Str+3:     It affects your strength (+3).
   Int+5:     It affects your intelligence (+5).
   rF+:       It protects you from fire.
Missiles
 F - 6 curare-tipped darts
 M - 12 darts of dispersal (quivered)
 S - 10 throwing nets {!f}
Armour
 s - the +3 warlock's mirror (worn) {omnireflect}
   (You acquired it on level 1 of the Depths)

   Omnireflect: It can block and reflect piercing ranged attacks and magical
   attacks against the wielder's willpower.
 v - a +2 pair of boots of rampaging (worn)
 x - a +2 helmet (worn)
 E - a +2 cloak of poison resistance
 H - the +3 pair of gauntlets of War (worn) {Slay+5}
   (You found it on level 5 of the Vaults)

   Slay+5:    It affects your accuracy & damage with ranged weapons and melee
   (+5).
 J - the +3 cloak of Nocvir (worn) {rElec rN+ Str-2 Stlth+}
   (You found it on level 1 of the Shoals)

   Str-2:     It affects your strength (-2).
   rElec:     It insulates you from electricity.
   rN+:       It protects you from negative energy.
   Stlth+:    It makes you more stealthy.
 N - a +2 robe of resistance (worn)
Jewellery
 l - the macabre finger necklace {Finger+ rN+}
   (You found it in a treasure trove)

   [amulet of nothing]

   Finger+:   It enables you to equip an extra ring.
   rN+:       It protects you from negative energy.
 m - the ring of Sodugh (right hand) {rElec Int+5 Dex+3 Slay+4, =R}
   (You took it off a deep elf sorcerer on level 3 of the Elven Halls)

   [ring of slaying]

   Int+5:     It affects your intelligence (+5).
   Dex+3:     It affects your dexterity (+3).
   Slay+4:    It affects your accuracy & damage with ranged weapons and melee
   (+4).
   rElec:     It insulates you from electricity.
 p - an amulet of faith (around neck)
 D - a ring of protection from fire
 K - the ring "Ymneak" {rN+ Str+6}
   (You took it off a hell knight on level 2 of the Depths)

   [ring of positive energy]

   Str+6:     It affects your strength (+6).
   rN+:       It protects you from negative energy.
 U - a ring of poison resistance (left hand)
 W - the ring "Wekapn" {Will+ Str+6}
   (You bought it in a shop on level 2 of the Elven Halls)

   [ring of willpower]

   Str+6:     It affects your strength (+6).
   Will+:     It increases your willpower.
Wands
 b - a wand of roots (16)
 c - a wand of acid (10)
 d - a wand of digging (15)
 n - a wand of charming (27)
 z - a wand of mindburst (13)
Scrolls
 e - 23 scrolls of teleportation {@r3}
 f - 7 scrolls of vulnerability
 g - 6 scrolls of poison
 k - 2 scrolls of butterflies {@r6}
 q - 3 scrolls of immolation
 y - 2 scrolls of revelation
 A - 4 scrolls of amnesia
 I - 5 scrolls of fog {@r2}
 O - 7 scrolls of blinking {@r5}
 Q - 5 scrolls of fear {@r4}
Potions
 h - 5 potions of resistance
 i - 8 potions of heal wounds {@q2}
 j - 6 potions of might {@q3}
 o - a potion of invisibility
 r - 7 potions of ambrosia
 t - 3 potions of enlightenment {@q6}
 u - 22 potions of mutation {@q7}
 G - 6 potions of magic
 L - 5 potions of brilliance {@q5}
 P - 2 potions of cancellation
 R - 20 potions of curing {@q1}
 T - 13 potions of lignification
 Y - 5 potions of haste {@q4}
Miscellaneous
 B - a phantom mirror
 C - a condenser vane
 V - a lightning rod (4/4)
 X - a sack of spiders (inert)
 Z - a phial of floods


   Skills:
 + Level 18.5 Fighting
 - Level 14.0 Short Blades
 - Level 4.5 Armour
 + Level 18.8 Dodging
 + Level 17.8 Stealth
 - Level 5.0 Shields
 + Level 17.1 Spellcasting
 - Level 4.0 Conjurations
 - Level 20.0 Hexes
 - Level 8.0 Summonings
 - Level 12.0 Necromancy
 - Level 3.0 Translocations
 - Level 3.0 Fire Magic
 - Level 10.0 Air Magic
 - Level 10.0 Earth Magic
 - Level 12.0 Alchemy
 - Level 20.1 Invocations
 + Level 12.9 Evocations


You had 3 spell levels left.
You knew the following spells:

 Your Spells              Type           Power      Damage    Failure   Level
a - Borgnjor's Vile Clut  Necr/Erth      41%        N/A       1%          5
b - Confusing Touch       Hex            100%       N/A       0%          3
c - Yara's Violent Unrav  Hex/Alch       48%        3d19      1%          5
d - Discord               Hex            53%        N/A       3%          8
f - Mephitic Cloud        Conj/Alch/Air  74%        N/A       1%          3
g - Passwall              Erth           79%        N/A       1%          3
i - Summon Mana Viper     Hex/Summ       91%        N/A       1%          5
q - Irradiate             Conj/Alch      36%        3d23      2%          5
s - Enfeeble              Hex            53%        N/A       1%          7
t - Blink                 Tloc           100%       N/A       1%          2
v - Ignite Poison         Fire/Alch      70%        N/A       1%          4
x - Lee's Rapid Deconstr  Erth           39%        3d19*     1%          5
z - Apportation           Tloc           100%       N/A       1%          1

Your spell library contained the following spells:

 Spells                   Type           Power      Damage    Failure   Level
 Necrotise                Necr           100%       1d9       0%          1
 Slow                     Hex            100%       N/A       0%          1
 Jinxbite                 Hex            100%       N/A       0%          2
 Sigil of Binding         Hex            100%       N/A       0%          3
 Tukima's Dance           Hex            100%       N/A       0%          3
 Foxfire                  Conj/Fire      100%       2x1d9     1%          1
 Kiss of Death            Conj/Necr      100%       2d13      1%          1
 Magic Dart               Conj           100%       1d8       1%          1
 Sandblast                Erth           100%       2d20      1%          1
 Shock                    Conj/Air       100%       1d9       1%          1
 Sting                    Conj/Alch      100%       1d9       1%          1
 Summon Small Mammal      Summ           100%       N/A       1%          1
 Call Imp                 Summ           100%       N/A       1%          2
 Cigotuvi's Dreadful Rot  Necr/Alch/Air  100%       N/A       1%          2
 Ensorcelled Hibernation  Hex/Ice        100%       N/A       1%          2
 Lesser Beckoning         Tloc           100%       N/A       1%          2
 Mercury Vapours          Alch/Air       100%       N/A       1%          2
 Momentum Strike          Conj/Tloc      100%       3d10      1%          2
 Scorch                   Fire           100%       2d9       1%          2
 Searing Ray              Conj           100%       2d8       1%          2
 Static Discharge         Conj/Air       100%       3-8/arc   1%          2
 Sublimation of Blood     Necr           85%        N/A       1%          2
 Call Canine Familiar     Summ           72%        N/A       1%          3
 Dazzling Flash           Conj/Hex       100%       N/A       1%          3
 Fugue of the Fallen      Necr           85%        N/A       1%          3
 Gell's Gravitas          Tloc           50%        N/A       1%          3
 Inner Flame              Hex/Fire       84%        N/A       1%          3
 Stone Arrow              Conj/Erth      100%       3d13      1%          3
 Summon Ice Beast         Ice/Summ       55%        N/A       1%          3
 Swiftness                Air            79%        N/A       1%          3
 Teleport Other           Tloc           50%        N/A       1%          3
 Vampiric Draining        Necr           85%        2d12      1%          3
 Volatile Blastmotes      Fire/Tloc      100%       2d18      1%          3
 Freeze                   Ice            100%       1d10      2%          1
 Hailstorm                Conj/Ice       43%        3d9       2%          3
 Frozen Ramparts          Ice            58%        1d9       6%          3
 Ozocubu's Armour         Ice            29%        N/A       6%          3
 Cause Fear               Hex            53%        N/A       0%          4
 Airstrike                Air            39%        2d(6-22)  1%          4
 Anguish                  Hex/Necr       48%        N/A       1%          4
 Animate Armour           Summ/Erth      100%       N/A       1%          4
 Animate Dead             Necr           85%        N/A       1%          4
 Brom's Barrelling Bould  Conj/Erth      68%        2d8       1%          4
 Dimensional Bullseye     Hex/Tloc       42%        N/A       1%          4
 Dispel Undead            Necr           85%        3d27      1%          4
 Fulminant Prism          Conj/Alch      36%        3d17      1%          4
 Leda's Liquefaction      Alch/Erth      41%        N/A       1%          4
 Martyr's Knell           Necr/Summ      79%        N/A       1%          4
 Olgreb's Toxic Radiance  Alch           85%        N/A       1%          4
 Petrify                  Alch/Erth      82%        N/A       1%          4
 Sticky Flame             Fire/Alch      70%        2d11      1%          4
 Summon Lightning Spire   Summ/Air       75%        N/A       1%          4
 Vhi's Electric Charge    Tloc/Air       100%       N/A       1%          4
 Alistair's Intoxication  Alch           56%        N/A       1%          5
 Curse of Agony           Necr           85%        N/A       1%          5
 Metabolic Englaciation   Hex/Ice        39%        N/A       1%          5
 Silence                  Hex/Air        47%        N/A       1%          5
 Summon Blazeheart Golem  Fire/Summ      62%        N/A       2%          4
 Death Channel            Necr           42%        N/A       2%          6
 Eringya's Noxious Bog    Alch           42%        4d6       2%          6
 Arcjolt                  Conj/Air       34%        1d44      3%          5
 Flame Wave               Conj/Fire      53%        2d13      4%          4
 Iskenderun's Mystic Bla  Conj/Tloc      53%        2d11      4%          4
 Manifold Assault         Tloc           50%        N/A       6%          4
 Passage of Golubria      Tloc           50%        N/A       6%          4
 Summon Forest            Summ/Tloc      31%        N/A       6%          5
 Freezing Cloud           Conj/Ice/Air   29%        6-21      9%          5
 Iskenderun's Battlesphe  Conj           55%        2d11      12%         5
 Summon Cactus Giant      Summ           36%        N/A       12%         6
 Fireball                 Conj/Fire      26%        3d12      14%         5
 Bombard                  Conj/Erth      34%        9d6       19%         6
 Conjure Ball Lightning   Conj/Air       34%        3x3d11    19%         6
 Plasma Beam              Fire/Air       33%        2x1d46    22%         6
 Sculpt Simulacrum        Ice/Alch       32%        N/A       28%         6
 Haunt                    Necr/Summ      39%        N/A       30%         7
 Monstrous Menagerie      Summ           36%        N/A       56%         7
 Summon Hydra             Summ           36%        N/A       56%         7
 Starburst                Conj/Fire      26%        6d8       61%         6
 Dispersal                Tloc           25%        N/A       67%         6
 Infestation              Necr           42%        N/A       71%         8
 Spellforged Servitor     Conj/Summ      32%        N/A       83%         7
 Malign Gateway           Summ/Tloc      31%        N/A       88%         7
 Maxwell's Capacitive Co  Air            39%        ∞         93%         8
 Orb of Destruction       Conj           27%        9d9       98%         7
 Summon Horrible Things   Summ           36%        N/A       99%         8
 Ozocubu's Refrigeration  Ice            14%        4d10      100%        7
 Disjunction              Tloc           25%        N/A       100%        8
 Ignition                 Fire           25%        3d8       100%        8
 Lehudib's Crystal Spear  Conj/Erth      34%        10d9      100%        8
 Chain Lightning          Conj/Air       34%        3d45      100%        9
 Dragon's Call            Summ           36%        N/A       100%        9
 Fire Storm               Conj/Fire      26%        8d7       100%        9
 Polar Vortex             Ice            14%        12d1*     100%        9
 Shatter                  Erth           39%        3d31*     100%        9


Dungeon Overview and Level Annotations

Branches:
Dungeon (15/15)            Temple (1/1) D:6            Lair (5/5) D:10
 Shoals (4/4) Lair:2        Snake (4/4) Lair:2        Slime (0/5) Lair:4
    Orc (2/2) D:12            Elf (3/3) Orc:2        Vaults (5/5) D:13
  Crypt (0/3) Vaults:2     Depths (4/4) D:15            Zot (5/5) Depths:4
 Bailey (visited)           IceCv (visited)          WizLab (visited)

Altars:
Ashenzari
Cheibriados
Dithmenos
Fedhas
Gozag
Hepliaklqana
Kikubaaqudgha
Makhleb
Nemelex Xobeh
Okawaru
Qazlal
Ru
Sif Muna
Trog
Uskayaw
Vehumet
Wu Jian
Xom
Yredelemnul
Lugonu

Shops:
D:1 !   D:4 [   D:9 =   Orc:2 ?:[=   Elf:2 ?=:   Shoals:2 *   Vaults:1 :(*:
Vaults:5 [   Depths:4 !**!

Portals:
Hell: Depths:1 Depths:2 Depths:3 Depths:4
Abyss: Depths:3 Depths:4
Pandemonium: Depths:2 Depths:4
Ziggurat: Depths:1

Annotations:
Snake:2 2 transporters
Elf:2 3 runed translucent doors
Zot:1 2 transporters
Zot:5 1 exclusion


Innate Abilities, Weirdness & Mutations

Your natural rate of healing is accelerated.
You have razor-sharp teeth.
You have supernaturally acute eyesight. (SInv)
You are afflicted with vampirism and can become a bat while bloodless.
Your mind is acute. (Int +4, Str/Dex -1)


Message History

Cengioll struggles to escape constriction.
Your tarantella touches Cengioll but does no damage.
Cengioll struggles to escape constriction.
Your tarantella touches Cengioll but does no damage.
The zombie hands constrict Cengioll.
Cengioll struggles to escape constriction.
Your jumping spider leaps!
Your tarantella touches Cengioll but does no damage.
Cengioll hits your jumping spider!!
The zombie hands constrict Cengioll.
Cengioll hits your jumping spider!!
Your jumping spider dies!
Your jumping spider's corpse disappears in a puff of smoke!
Your tarantella touches Cengioll!
Cengioll struggles to escape constriction.
Your tarantella touches Cengioll but does no damage.
The zombie hands lose their grip on something.
Casting: Borgnjor's Vile Clutch (mildly dangerous; 1% risk of failure)
Confirm with . or Enter, or press ? or * to list all spells.
Aiming: Passwall (safe; 1% risk of failure)
Press: ? - help, Dir - move target A rock wall.
This square is covered in magical glow.
You begin to meditate on the wall.
You continue meditating on the rock. x2
Cengioll hits you but does no damage.
Your tarantella touches Cengioll but does no damage.
You block Cengioll's attack.
You finish merging with the rock.
Splash!
You fall into the shallow water.
Moving in this stuff is going to be slow.
Casting: Passwall (safe; 1% risk of failure)
Confirm with . or Enter, or press ? or * to list all spells.
Aiming: Passwall (safe; 1% risk of failure)
Press: ? - help, Dir - move target A rock wall.
This square is covered in magical glow.
You begin to meditate on the wall.
You continue meditating on the rock. x2
You finish merging with the rock.
There is a staircase leading out of the dungeon here.
You have escaped!

##########...# #............#
#.######.....######### #.#
#.............# #.#
##.#.########.#
#.##################.############
........#♣....'...#..............
#.########'####...########.######
#.# ♣.♣♣♣#.@.# #.###### #)#
♣♣..♣#...# ####....... #.#
♣♣♣.#...# #.......... #.#
#####'##### #.######### #.#
#.........# #.# #..... #.#
#.........# #.# #.####
#.#######.§.......### #.# #.#
........#≈§......~#.# #.# #.##
#.#######§§≈...~.~#.# #.# #..#


There were no monsters in sight!

Vanquished Creatures
  A dread lich (Vaults:5)
  An ancient lich (Zot:5)
  2 orbs of fire
  Mennas (Depths:4)
  Mara (Vaults:2)
  A juggernaut (Depths:2)
  2 Killer Klowns (Zot:5)
  Bai Suzhen (Depths:1)
  Parghit (Depths:4)
  Vv (Zot:2)
  4 curse toes
  A caustic shrike (Depths:2)
  8 golden dragons
  Jory (Vaults:4)
  Nikola (Depths:1)
  2 bone dragons
  An electric golem (Zot:5)
  9 tentacled monstrosities
  Zenata (Vaults:2)
  A walking crystal tome (Zot:1)
  21 Orb Guardians
  2 liches
  5 quicksilver dragons
  Mlioglotl (Snake:3)
  2 titans (Vaults:5)
  A walking frostbound tome (Zot:1)
  4 sphinxes
  A deep elf master archer (Elf:3)
  Frances (Shoals:1)
  4 death cobs
  Agnes (Elf:2)
  2 ancient champions
  2 Executioners (Zot:3)
  A kraken (Shoals:4)
  2 tengu reavers (Vaults:5)
  The ghost of Sagen the Devastator, an adept DrCj of Vehumet (Snake:2)
  7 storm dragons
  The ghost of ZZKoverts the Bludgeoner, a journeyman OnBr of Okawaru (Shoals:1)
  The ghost of Piceto the Pyromancer, an adept DEFE of Vehumet (Elf:1)
  Aizul (Snake:2)
  10 shadow dragons
  16 nagarajas
  7 protean progenitors
  Donald (Vaults:2)
  A demonspawn warmonger (Zot:3)
  7 deep elf sorcerers
  A draconian monk (Zot:1)
  A draconian shifter (Zot:3)
  5 narguns (Zot:1)
  6 frost giants
  5 ghost moths
  4 draconian knights
  2 iron dragons (Vaults:5)
  12 vault wardens
  4 draconian scorchers
  11 fire giants
  6 balrugs
  6 deep elf elementalists
  2 orc warlords (Vaults:1)
  The ghost of Turgon the Severer, a journeyman DsCK of Cheibriados (Snake:4)
  Louise (Shoals:1)
  A formless jellyfish (shapeshifter) (Depths:3)
  2 draconian annihilators
  A formless jellyfish (Vaults:3)
  6 very ugly things
  14 ironbound preservers
  13 stone giants
  A vampire knight (Depths:1)
  6 ironbound thunderhulks
  11 green draconians
  2 purple draconians
  3 black draconians
  2 eleionomae (shapeshifter) (Depths:3)
  9 war gargoyles
  5 white draconians
  A lorocyproca (Depths:2)
  5 dire elephants
  7 deep elf demonologists
  8 deep elf death magi (Elf:3)
  4 deep elf annihilators
  3 yellow draconians
  7 spark wasps
  A green death (Depths:2)
  The ghost of Ykkepra the Basher, a journeyman MiFi of Uskayaw (Shoals:2)
  6 merfolk impalers
  A broodmother (shapeshifter) (Depths:3)
  2 merfolk javelineers
  14 ettins
  6 blizzard demons
  2 entropy weavers
  A jiangshi (Depths:2)
  7 fire dragons
  Josephine (D:14)
  5 hydras
  15 yaktaur captains
  3 deep elf high priests (Elf:3)
  4 great orbs of eyes
  3 rakshasas
  2 vault guards
  14 ice dragons
  4 alligators
  4 spriggan air magi
  A hell beast (Depths:1)
  6 salamander tyrants
  4 boulder beetles
  2 ghost crabs (WizLab)
  A jorogumo (Zot:3)
  2 catoblepae
  5 anacondas
  5 centaur warriors
  23 ironbound frosthearts
  6 ogre magi
  3 merfolk avatars
  4 tengu warriors
  2 alligator snapping turtles (Shoals:1)
  18 death yaks
  7 merfolk aquamancers
  3 deep troll shamans (Depths:1)
  A satyr (Shoals:4)
  19 two-headed ogres
  A deep troll earth mage (Depths:1)
  18 naga warriors
  3 vampire magi
  A demonic crawler (Depths:1)
  6 shock serpents
  2 occultists (Depths:1)
  20 naga sharpshooters
  30 dancing weapons
  2 spriggan berserkers (Depths:1)
  15 deep elf knights
  A soul eater (Depths:4)
  A hell knight (Depths:2)
  Amaemon (Lair:3)
  A sun demon (Depths:2)
  7 skeletal warriors (Vaults:2)
  2 sixfirhies
  6 skysharks
  4 salamander mystics
  A sea snake (shapeshifter) (Vaults:3)
  2 iron trolls
  A fire crab (shapeshifter) (Depths:3)
  5 glowing orange brains
  23 sea snakes
  6 arcanists
  47 deep trolls
  An orb spider (Zot:4)
  15 mana vipers
  2 flayed ghosts
  2 steelbarb worms (Zot:4)
  15 ironbound convokers
  A kraken simulacrum (Shoals:4)
  5 obsidian statues
  4 naga ritualists
  A swamp dragon (Lair:5)
  3 lindwurms
  3 phantasmal warriors
  10 deep elf archers
  An orange crystal statue (IceCv)
  25 deep elf pyromancers
  31 ugly things
  2 wolf spiders
  A necromancer (Depths:1)
  10 deep elf zephyrmancers
  6 orc knights
  3 fauns
  2 orc sorcerers (Orc:2)
  13 harpies
  An oklob plant (Shoals:3)
  A shadow dragon skeleton (Vaults:2)
  5 cyclopes
  16 manticores
  21 salamanders
  A mana viper (shapeshifter) (Depths:3)
  A kobold blastminer (Orc:2)
  25 moths of wrath
  2 fire giant skeletons (Vaults:2)
  10 vault sentinels
  12 elephants (Lair:4)
  9 merfolk sirens
  A stone giant skeleton (Vaults:2)
  6 guardian serpents
  A torpor snail (Lair:4)
  4 apocalypse crabs (WizLab)
  An ice statue (Snake:4)
  2 human skeletons (Vaults:2)
  6 meliai
  44 black mambas
  20 naga magi
  2 molten gargoyles (Depths:3)
  An orange demon (Lair:3)
  7 water nymphs
  16 cane toads
  An unseen horror (D:6)
  12 rime drakes
  2 efreet
  A freezing wraith (Depths:1)
  Maggie (D:10)
  3 kobold demonologists
  13 yaktaurs
  12 komodo dragons
  2 tengu conjurers
  A troll (shapeshifter) (D:15)
  5 polar bears (IceCv)
  A tyrant leech (shapeshifter) (Depths:3)
  40 merfolk
  6 trolls
  13 wind drakes
  2 hornets (Lair:5)
  15 blink frogs
  Prince Ribbit (D:8)
  6 dream sheep
  A glass eye (Zot:3)
  11 snapping turtles
  12 air elementals
  4 shadows
  17 water elementals
  25 slime creatures
  A vampire (D:13)
  Sigmund (D:5)
  10 wraiths
  59 yaks
  6 fire elementals
  A human (D:12)
  3 steam dragons (Lair:5)
  A golden eye (shapeshifter) (Vaults:2)
  6 basilisks
  5 redbacks
  A sea snake simulacrum (Shoals:4)
  A death yak simulacrum (Shoals:4)
  13 wyverns
  4 wargs
  An elf skeleton (Vaults:2)
  A redback (shapeshifter) (Depths:3)
  2 alligator snapping turtle simulacra (Shoals:4)
  21 vampire mosquitoes
  42 nagas
  A harpy simulacrum (Shoals:4)
  A culicivora (shapeshifter) (Depths:3)
  A swamp worm (shapeshifter) (Depths:3)
  2 acid dragons
  27 water moccasins
  An ogre skeleton (Vaults:2)
  A glowing shapeshifter skeleton (Vaults:2)
  38 orc warriors
  A sky beast (D:7)
  2 swamp drakes (Lair:5)
  3 satyr simulacra (Shoals:4)
  2 black bears
  2 laughing skulls (D:15)
  5 wolves (Lair:4)
  31 ogres
  7 centaurs
  2 phantoms
  5 kobold brigands
  13 bullfrogs
  2 faun simulacra (Shoals:4)
  3 gnoll sergeants
  4 merfolk simulacra (Shoals:4)
  6 scorpions
  9 earth elementals (Depths:3)
  2 snapping turtle simulacra (Shoals:4)
  2 manticore simulacra (Shoals:4)
  3 howler monkeys
  9 electric eels
  3 lava snakes
  2 bombardier beetles (D:5)
  2 hounds
  25 orc priests
  4 iguanas
  2 sleepcaps (D:5)
  25 orc wizards
  7 hell rats
  A centaur simulacrum (Shoals:4)
  15 gnolls
  3 adders
  3 shadow imps
  A white imp (D:7)
  The ghost of Sapher the Sneak, a weakling OpDe (D:6)
  2 dart slugs
  2 ribbon worms
  115 orcs
  8 ball pythons
  8 endoplasms
  3 giant cockroaches (D:1)
  9 goblins
  12 hobgoblins
  5 jackals (D:1)
  5 quokkas
  3 bats
  4 frilled lizards
  24 kobolds
  4 rats
  8 ball lightnings (Depths:3)
  A tentacle (Shoals:4)
1985 creatures vanquished.

Vanquished Creatures (collateral kills)
  2 golden dragons
  A bone dragon (Depths:4)
  Norris (Vaults:1)
  7 tentacled monstrosities
  A Cloud Mage (WizLab)
  A titan (Vaults:5)
  A walking earthen tome (Depths:4)
  A lich (Depths:2)
  A sphinx (Vaults:5)
  A walking divine tome (Zot:1)
  3 storm dragons
  2 tengu reavers
  3 nagarajas (Snake:4)
  2 draconian shifters
  A shadow dragon (Vaults:5)
  3 draconian knights
  2 draconian monks
  A frost giant (Depths:1)
  An iron dragon (Depths:3)
  4 draconian scorchers
  2 fire giants
  2 deep elf elementalists (Elf:3)
  9 ironbound preservers
  3 vault wardens
  6 draconian annihilators
  2 reapers
  2 formless jellyfish
  6 stone giants
  21 very ugly things
  A demonspawn corrupter (Zot:3)
  3 green draconians
  4 black draconians
  3 red draconians
  8 yellow draconians
  8 white draconians
  6 purple draconians
  2 spark wasps (Depths:4)
  3 ettins
  A green death (Depths:1)
  2 merfolk impalers
  2 blizzard demons (Zot:3)
  A merfolk javelineer (Shoals:4)
  2 jiangshi (Depths:2)
  2 deep elf high priests
  A yaktaur captain (Vaults:3)
  25 vault guards
  A great orb of eyes (Vaults:2)
  3 ironbound frosthearts (Vaults:3)
  A merfolk avatar (Shoals:3)
  A jorogumo (Zot:3)
  A naga warrior (Snake:4)
  2 deep troll earth magi
  A dancing weapon (Depths:3)
  3 deep troll shamans
  A vampire mage (Depths:1)
  2 tengu warriors (Depths:1)
  An occultist (Depths:2)
  2 spriggan berserkers
  A hell hog (Depths:1)
  4 hell knights (Depths:2)
  A soul eater (Depths:1)
  2 deep elf knights (Elf:3)
  2 iron trolls
  A shadow wraith (Depths:1)
  2 orb spiders (Zot:4)
  A shadow demon (Zot:3)
  34 deep trolls
  A steelbarb worm (Zot:4)
  4 ironbound convokers
  A lindwurm (Vaults:1)
  A large abomination (Depths:1)
  5 harpies (Shoals:4)
  2 necromancers
  A phantasmal warrior (Vaults:5)
  12 ugly things
  A wolf spider (Zot:3)
  A manticore (Shoals:4)
  6 moths of wrath
  3 slime creatures (Vaults:2)
  A water nymph (shapeshifter) (Vaults:5)
  2 vault sentinels
  14 yaktaurs
  A freezing wraith (Vaults:5)
  A tengu conjurer (Depths:4)
  4 merfolk
  A glass eye (Zot:3)
  A hornet (Depths:1)
  A ynoxinul (Depths:4)
  A tarantella (shapeshifter) (Depths:1)
  A redback (Vaults:1)
  2 vampire mosquitoes (Depths:1)
  A chaos spawn (Depths:1)
  2 harpy simulacra (Shoals:4)
  A small abomination (Depths:1)
  A phantom (Depths:1)
  An earth elemental (Depths:3)
  A manticore simulacrum (Shoals:4)
  An orc priest (Snake:3)
  A hell rat (Depths:1)
  A giant cockroach (Depths:1)
311 creatures vanquished.

Vanquished Creatures (others)
  Saint Roka (Snake:3)
  3 Orb Guardians (Zot:5)
  A tengu reaver (Vaults:5)
  2 draconian monks (Zot:2)
  3 storm dragons
  A fire giant (Depths:4)
  4 draconian knights
  A vault warden (Vaults:5)
  A draconian stormcaller (Zot:2)
  A stone giant (Depths:1)
  10 very ugly things
  A draconian annihilator (Zot:2)
  An ironbound preserver (Vaults:5)
  3 black draconians
  A green draconian (Zot:2)
  2 yellow draconians
  2 spark wasps
  A blizzard demon (Zot:3)
  3 vault guards (Vaults:5)
  A yaktaur captain (Vaults:5)
  2 hell knights
  3 skysharks
  A goliath frog (Depths:1)
  A deep troll (Vaults:3)
  2 phantasmal warriors (Vaults:5)
  A shining eye (shapeshifter) (Vaults:5)
  A necromancer (Vaults:5)
  A wolf spider (Depths:1)
  A moth of wrath (Zot:1)
  4 ugly things
  A manticore (Shoals:1)
  An unseen horror (Depths:1)
  A yaktaur (Vaults:5)
  A hellion (Depths:4)
  A wind drake (Depths:3)
  An air elemental (WizLab)
  A fire elemental (Depths:3)
  A vampire mosquito (Depths:1)
  A scorpion (Depths:1)
  An iguana (Lair:5)
  A white imp (D:7)
  6 ball lightnings (Depths:3)
  11 tentacles (Shoals:4)
88 creatures vanquished.

Grand Total: 2384 creatures vanquished

Notes
Turn   | Place    | Note
-------+----------+-------------------------------------------
     0 | D:1      | PaperRat the Vampire Alchemist began the quest for the Orb.
     0 | D:1      | Reached XP level 1. HP: 13/13 MP: 3/3
   355 | D:1      | Reached skill level 1 in Conjurations
   428 | D:1      | Reached XP level 2. HP: 20/20 MP: 3/5
   514 | D:1      | Learned a level 2 spell: Mercury Vapours
   604 | D:1      | Reached skill level 1 in Fighting
   951 | D:1      | Gained mutation: You are afflicted with vampirism and can
                  | become a bat while bloodless. [Vampire growth]
   951 | D:1      | Reached XP level 3. HP: 26/26 MP: 6/6
  1082 | D:1      | Found Goshaiph's Distillery.
  1105 | D:1      | Bought a potion of lignification for 30 gold pieces
  1105 | D:1      | Bought a potion of curing for 30 gold pieces
  1485 | D:2      | Reached skill level 1 in Air Magic
  1719 | D:2      | Reached skill level 1 in Short Blades
  1719 | D:2      | Reached skill level 1 in Hexes
  1862 | D:2      | Reached XP level 4. HP: 32/32 MP: 2/7
  1918 | D:2      | Found a faded altar of an unknown god.
  2158 | D:1      | Bought a potion of heal wounds for 50 gold pieces
  2302 | D:2      | Learned a level 3 spell: Confusing Touch
  2840 | D:3      | Reached XP level 5. HP: 37/37 MP: 6/8
  3249 | D:3      | Found a bloodstained altar of Trog.
  3249 | D:3      | Found an ancient bone altar of Kikubaaqudgha.
  3556 | D:3      | Found a basalt altar of Yredelemnul.
  3869 | D:4      | Noticed a black bear
  3936 | D:4      | Killed a black bear
  4122 | D:1      | Bought a potion of haste for 100 gold pieces
  4391 | D:4      | Reached XP level 6. HP: 44/44 MP: 9/9
  4418 | D:4      | Learned a level 3 spell: Mephitic Cloud
  4939 | D:4      | Found Unass's Armour Shop.
  5212 | D:5      | Entered Level 5 of the Dungeon
  5324 | D:5      | Reached skill level 5 in Stealth
  5371 | D:5      | Reached skill level 5 in Hexes
  5663 | D:5      | Reached XP level 7. HP: 51/51 MP: 3/10
  5815 | D:5      | Noticed Sigmund
  6810 | D:6      | Reached XP level 8. HP: 58/58 MP: 7/11
  6844 | D:6      | Found a sacrificial altar of Ru.
  7318 | D:6      | Noticed an unseen horror
  7319 | D:6      | Killed an unseen horror
  7440 | D:6      | Found a runed translucent door.
  7441 | D:6      | Noticed Sapher's ghost (weakling OpDe)
  7592 | D:6      | Found a staircase to the Ecumenical Temple.
  7601 | Temple   | Entered the Ecumenical Temple
  7615 | Temple   | Became a worshipper of Sif Muna the Loreminder
  7991 | D:7      | Reached skill level 5 in Alchemy
  8197 | D:7      | Found a hide-covered altar of Uskayaw.
  8296 | D:7      | Found a blossoming altar of Fedhas.
  8458 | D:7      | Reached XP level 9. HP: 66/66 MP: 4/13
  9034 | D:5      | Killed Sigmund
  9212 | D:8      | Found a flagged portal.
  9220 | D:8      | Identified the +3 spear of Meoxerchu {drain, rC+ Dex+6}
  9226 | Bailey   | Entered a bailey
  9334 | Bailey   | Reached skill level 5 in Short Blades
  9458 | Bailey   | Reached * piety under Sif Muna
  9469 | Bailey   | Noticed an orc knight
  9485 | Bailey   | Killed an orc knight
  9486 | Bailey   | Reached skill level 5 in Fighting
  9486 | Bailey   | Reached skill level 10 in Stealth
  9923 | D:4      | Bought a +0 pair of gloves for 63 gold pieces
  9923 | D:4      | Bought a +0 buckler of protection for 161 gold pieces
 10010 | D:8      | Noticed Prince Ribbit
 10045 | D:8      | Killed Prince Ribbit
 10046 | D:8      | Reached XP level 10. HP: 76/76 MP: 7/16
 10199 | D:8      | Reached skill level 1 in Invocations
 10711 | D:9      | Found Wukef's Jewellery Emporium.
 10775 | D:9      | Noticed a two-headed ogre
 10982 | D:9      | Learned a level 3 spell: Dazzling Flash
 11298 | D:1      | Bought a potion of mutation for 80 gold pieces
 11593 | D:9      | Found an iron altar of Okawaru.
 11942 | D:9      | Killed a two-headed ogre
 12128 | D:10     | Entered Level 10 of the Dungeon
 12135 | D:10     | Reached skill level 5 in Air Magic
 12144 | D:10     | Found a snail-covered altar of Cheibriados.
 12440 | D:10     | Reached ** piety under Sif Muna
 12579 | D:10     | Found a shadowy altar of Dithmenos.
 12608 | D:10     | Found a sparkling altar of Nemelex Xobeh.
 12625 | D:10     | Reached XP level 11. HP: 83/83 MP: 9/17
 12641 | D:10     | Reached skill level 5 in Dodging
 12648 | D:10     | Reached skill level 10 in Hexes
 12742 | D:10     | Found a staircase to the Lair.
 12792 | D:10     | Identified the +8 quarterstaff "Tice" {vamp, rN+}
 13251 | D:10     | Found a shimmering altar of Xom.
 13272 | D:10     | Noticed Maggie
 13286 | D:10     | Killed Maggie
 13451 | D:10     | Identified the +6 falchion of Qitom {drain, rElec}
 13547 | Lair:1   | Entered Level 1 of the Lair of Beasts
 13573 | Lair:1   | Reached skill level 1 in Shields
 13887 | Lair:1   | Noticed a seven-headed hydra
 13911 | Lair:1   | Killed a seven-headed hydra
 13912 | Lair:1   | Reached skill level 1 in Armour
 14009 | Lair:1   | Noticed a catoblepas
 14037 | Lair:1   | Killed a catoblepas
 14575 | Lair:1   | Learned a level 5 spell: Lee's Rapid Deconstruction
 14597 | Lair:2   | Reached skill level 5 in Invocations
 14600 | Lair:2   | Reached skill level 1 in Earth Magic
 14673 | Lair:2   | Noticed a catoblepas
 14714 | Lair:2   | Killed a catoblepas
 14714 | Lair:2   | Reached *** piety under Sif Muna
 14985 | Lair:2   | Found a staircase to the Snake Pit.
 15004 | Lair:2   | Reached XP level 12. HP: 92/92 MP: 11/18
 15360 | Lair:2   | Found a staircase to the Shoals.
 15980 | Lair:3   | Noticed Amaemon
 16011 | Lair:3   | Killed Amaemon
 16215 | Lair:3   | Identified the +1 great sword of Blind Justice {holy, rN+}
 16822 | Lair:4   | Reached skill level 5 in Shields
 17126 | Lair:4   | Reached XP level 13. HP: 87/99 MP: 14/20
 17218 | Lair:4   | Reached **** piety under Sif Muna
 17313 | Lair:4   | Reached skill level 5 in Spellcasting
 17584 | Lair:4   | Reached skill level 5 in Earth Magic
 17984 | Lair:4   | Found a staircase to the Slime Pits.
 18031 | Lair:5   | Entered Level 5 of the Lair of Beasts
 18989 | Lair:5   | Reached ***** piety under Sif Muna
 19088 | Lair:5   | Received a gift from Sif Muna
 19310 | Lair:5   | Reached XP level 14. HP: 58/109 MP: 11/23
 19550 | Lair:5   | Learned a level 5 spell: Borgnjor's Vile Clutch
 19844 | Lair:4   | Reached skill level 1 in Necromancy
 21264 | Lair:5   | Reached skill level 10 in Fighting
 21399 | Lair:5   | Identified the +8 dagger of Amorous Prudence {venom, Will+}
 21791 | D:1      | Bought a potion of heal wounds for 50 gold pieces
 21929 | D:6      | Killed Sapher's ghost
 22151 | D:11     | Reached skill level 1 in Evocations
 22554 | D:11     | Found an iron altar of Okawaru.
 23074 | D:11     | Found a portal to a secret trove of treasure.
 23512 | D:12     | Found a staircase to the Orcish Mines.
 23891 | D:12     | Learned a level 1 spell: Apportation
 23923 | D:12     | Found a corrupted altar of Lugonu.
 24355 | Orc:1    | Entered Level 1 of the Orcish Mines
 24404 | Orc:1    | Received a gift from Sif Muna
 24418 | Orc:1    | Got Sif Muna's Dissertation on Formulae and the Cwm {god
                  | gift}
 24423 | Orc:1    | Learned a level 3 spell: Passwall
 24586 | Orc:2    | Entered Level 2 of the Orcish Mines
 25495 | Orc:2    | Found a staircase to the Elven Halls.
 25818 | Orc:2    | Reached XP level 15. HP: 106/115 MP: 23/25
 25908 | Orc:2    | Reached skill level 10 in Short Blades
 25913 | Orc:2    | Received a gift from Sif Muna
 25914 | Orc:2    | Got Sif Muna's Monograph on the Brume {god gift}
 26021 | Orc:2    | Found Kiyzurar's Armour Emporium.
 26021 | Orc:2    | Found Usow's Magic Scroll Boutique.
 26022 | Orc:2    | Found Feniheb's Jewellery Shop.
 26022 | Orc:2    | Found Buturat's Book Emporium.
 26034 | Orc:2    | Bought a scroll of immolation for 52 gold pieces
 26034 | Orc:2    | Bought a scroll of teleportation for 39 gold pieces
 26034 | Orc:2    | Bought a scroll of fog for 52 gold pieces
 26236 | Orc:2    | Found Usow's Magic Scroll Boutique.
 26236 | Orc:2    | Found Buturat's Book Emporium.
 26237 | Orc:2    | Found Kiyzurar's Armour Emporium.
 26237 | Orc:2    | Found Feniheb's Jewellery Shop.
 26448 | Orc:2    | Found a staircase to the Elven Halls.
 28088 | D:13     | Found a gate to the Vaults.
 28143 | D:14     | Reached skill level 5 in Necromancy
 28214 | D:14     | Noticed Josephine
 28227 | D:14     | Killed Josephine
 29119 | D:14     | Found a broken altar of Ashenzari.
 29681 | D:15     | Entered Level 15 of the Dungeon
 29721 | D:15     | Reached skill level 10 in Dodging
 30266 | D:15     | Received a gift from Sif Muna
 30272 | D:15     | Got Wuigh's Grimoire of Charred Cryomancy {god gift}
 30286 | D:15     | Reached XP level 16. HP: 120/124 MP: 18/28
 30930 | D:15     | Found a staircase to the Depths.
 31133 | D:15     | Found a staircase to the Depths.
 32344 | Snake:1  | Entered Level 1 of the Snake Pit
 32609 | Snake:1  | Reached skill level 10 in Invocations
 33147 | Snake:1  | Learned a level 3 spell: Inner Flame
 34593 | Snake:2  | Found a burning altar of Makhleb.
 34612 | Snake:2  | Identified the serpent talisman of Death Resistance {Int+3
                  | SInv}
 34612 | Snake:2  | Noticed Aizul
 34903 | Snake:2  | Reached skill level 1 in Fire Magic
 34906 | Snake:2  | Reached skill level 10 in Earth Magic
 35319 | Snake:2  | Found a transporter.
 35324 | Snake:2  | Found a transporter.
 35327 | Snake:2  | Noticed Sagen's ghost (adept DrCj)
 35526 | Snake:2  | Received a gift from Sif Muna
 35527 | Snake:2  | Got Sif Muna's Handbook of Terrain and Glamour {god gift}
 36294 | Snake:2  | Reached XP level 17. HP: 133/133 MP: 29/29
 37273 | Snake:3  | Noticed Saint Roka
 37323 | Snake:3  | Killed Saint Roka
 37493 | Snake:3  | Reached XP level 18. HP: 140/140 MP: 24/30
 37646 | Snake:3  | Reached skill level 15 in Hexes
 38100 | Snake:3  | Noticed Mlioglotl
 38147 | Snake:3  | Reached skill level 10 in Necromancy
 38359 | Snake:3  | Killed Mlioglotl
 38495 | Snake:3  | Learned a level 7 spell: Enfeeble
 38499 | Snake:4  | Entered Level 4 of the Snake Pit
 38548 | Snake:4  | Noticed Turgon's ghost (journeyman DsCK)
 38548 | Snake:4  | Found a runed translucent door.
 38828 | Snake:4  | Found a glacial archway.
 38911 | IceCv    | Entered an ice cave
 39808 | IceCv    | Reached ****** piety under Sif Muna
 40449 | IceCv    | Received a gift from Sif Muna
 40616 | Snake:4  | Reached skill level 10 in Spellcasting
 42325 | Snake:4  | Killed Turgon's ghost
 42345 | Snake:4  | Learned a level 4 spell: Summon Lightning Spire
 42412 | Snake:4  | Received a gift from Sif Muna
 42413 | Snake:4  | Got Sif Muna's Incunable of Malisons {god gift}
 42669 | Snake:4  | Reached skill level 1 in Summonings
 43711 | Snake:4  | Reached XP level 19. HP: 103/147 MP: 2/33
 44251 | Snake:4  | Got a serpentine rune of Zot
 45383 | Snake:2  | Killed Aizul
 45876 | Snake:2  | Killed Sagen's ghost
 45882 | Snake:2  | Identified the +2 scale mail "Dootzaw" {^Drain rN+ Will+
                  | Regen+}
 45897 | Snake:2  | Identified the ring of Athut {Str+4 Slay+4 Stlth+}
 46198 | Orc:2    | Bought a +2 robe of resistance for 490 gold pieces
 46224 | Orc:2    | Learned a level 4 spell: Ignite Poison
 46424 | Shoals:1 | Entered Level 1 of the Shoals
 46432 | Shoals:1 | Received a gift from Sif Muna
 46518 | Shoals:1 | Identified the +3 cloak of Nocvir {rElec rN+ Str-2 Stlth+}
 46586 | Shoals:1 | Noticed Frances
 46876 | Shoals:1 | Noticed Louise
 46880 | Shoals:1 | Killed Frances
 46891 | Shoals:1 | Killed Louise
 47536 | Shoals:1 | Found a runed translucent door.
 47537 | Shoals:1 | Noticed ZZKoverts's ghost (journeyman OnBr)
 47744 | Shoals:1 | Killed ZZKoverts's ghost
 47762 | Shoals:1 | Identified the +4 flail "Gayhek" {freeze, rF+ Str+4 Int+5}
 48641 | Shoals:2 | Found Nuus's General Store.
 48674 | Shoals:2 | Bought a manual of Fighting for 1520 gold pieces
 49166 | Shoals:2 | Found a transporter.
 49166 | Shoals:2 | Noticed Ykkepra's ghost (journeyman MiFi)
 49171 | Shoals:2 | Found a transporter.
 49188 | Shoals:2 | Received a gift from Sif Muna
 49836 | Shoals:2 | Killed Ykkepra's ghost
 49837 | Shoals:2 | Reached skill level 5 in Summonings
 49974 | Shoals:3 | Found a sacrificial altar of Ru.
 51327 | Shoals:4 | Entered Level 4 of the Shoals
 51343 | Shoals:4 | Found a runed translucent gate.
 51343 | Shoals:4 | Found a runed translucent gate.
 51852 | Shoals:4 | Reached XP level 20. HP: 141/157 MP: 23/34
 51907 | Shoals:4 | Received a gift from Sif Muna
 51916 | Shoals:4 | Got Sif Muna's Vellum of the Jinx and the Congregation {god
                  | gift}
 51921 | Shoals:4 | Got a barnacled rune of Zot
 52569 | Shoals:4 | Found a runed translucent gate.
 52625 | Shoals:4 | Identified the +7 orcbow "Demon's Nightmare" {elec, *Slow
                  | rF+++ Str+7}
 53201 | Shoals:4 | Identified the staff of Mourning {rPois rC- Int-4 Stlth+
                  | Conj Alchemy}
 53244 | Shoals:4 | Learned a level 5 spell: Yara's Violent Unravelling
 53325 | Shoals:2 | Bought a scroll of teleportation for 57 gold pieces
 53325 | Shoals:2 | Bought a scroll of blinking for 142 gold pieces
 53561 | Elf:1    | Entered Level 1 of the Elven Halls
 53799 | Elf:1    | Received a gift from Sif Muna
 53800 | Elf:1    | Got Sif Muna's Catalogue of Venom and Movement {god gift}
 54195 | Elf:1    | Noticed Piceto's ghost (adept DEFE)
 54202 | Elf:1    | Found a runed translucent door.
 54665 | Elf:1    | Killed Piceto's ghost
 54816 | Elf:2    | Found a flickering gateway to a bazaar.
 54834 | Elf:2    | Noticed Agnes
 54837 | Bazaar   | Entered a bazaar
 54855 | Bazaar   | Found Yskaj's Antique Weapon Emporium.
 54855 | Bazaar   | Found Peacihue's Weapon Shoppe.
 54876 | Bazaar   | Found Rarreoph's Magic Scroll Emporium.
 54876 | Bazaar   | Found Horiruucs's Antique Weapon Shoppe.
 54897 | Bazaar   | Found Nelaf's Weapon Emporium.
 54897 | Bazaar   | Found Ehedulie's General Store.
 54919 | Bazaar   | Found Negyhi's Jewellery Emporium.
 54919 | Bazaar   | Found Dupseg's Armour Shoppe.
 54966 | Bazaar   | Bought a wand of acid (5) for 147 gold pieces
 54966 | Bazaar   | Bought a scroll of amnesia for 28 gold pieces
 54980 | Bazaar   | Bought a scroll of immolation for 36 gold pieces
 54980 | Bazaar   | Bought a scroll of revelation for 67 gold pieces
 54980 | Bazaar   | Bought a scroll of vulnerability for 36 gold pieces
 54980 | Bazaar   | Bought a scroll of blinking for 67 gold pieces
 55088 | Elf:2    | Killed Agnes
 55318 | Elf:2    | Found Vunk's Magic Scroll Shoppe.
 55322 | Elf:2    | Found Venwac's Jewellery Emporium.
 55323 | Elf:2    | Found Dyarhuga's Book Shoppe.
 56052 | Elf:2    | Found a runed translucent gate.
 56053 | Elf:2    | Found a runed translucent gate.
 56053 | Elf:2    | Found a runed translucent gate.
 56169 | Elf:3    | Entered Level 3 of the Elven Halls
 57799 | Elf:3    | Identified the +6 great sword of the Fray {drain, rF+ rC+
                  | rN+ Dex-4}
 57803 | Elf:3    | Reached skill level 10 in Alchemy
 58045 | Elf:3    | Reached skill level 5 in Evocations
 58054 | Elf:3    | Identified the ring of Sodugh {rElec Int+5 Dex+3 Slay+4}
 58060 | Elf:3    | Identified the +10 war axe of Gallantry {flame, Fly rPois
                  | Dex+5}
 58224 | Elf:3    | Reached XP level 21. HP: 166/166 MP: 9/36
 58355 | Elf:3    | Identified the +7 pearl dragon scales "Daithraos" {Harm rC+
                  | rN+ Int+2}
 58371 | Elf:3    | Identified the +10 mace "Movuar" {venom, rC+}
 58376 | Elf:3    | Received a gift from Sif Muna
 58395 | Elf:3    | Got Sif Muna's Secrets of Earth and the Bonfire {god gift}
 58589 | Elf:3    | Identified the +2 bardiche "Tipeagg" {spect, rF++ rC+ rCorr
                  | MP-9}
 58718 | Elf:3    | Got the Notes on the Discharge and the Undead
 58728 | Elf:3    | Got the Codex of the Generative Brume
 58750 | Elf:3    | Identified the +7 arbalest of Xief Jeduoja {heavy, Str+3}
 58888 | Elf:3    | Learned a level 5 spell: Summon Mana Viper
 58963 | Elf:2    | Bought a scroll of enchant weapon for 127 gold pieces
 59206 | D:11     | You paid a toll of a +7 demon trident to enter a treasure
                  | trove
 59207 | Trove    | Entered a treasure trove
 59229 | Trove    | Found the macabre finger necklace {Finger+ rN+}
 59234 | Trove    | Identified the +10 rapier "Conservator" {flame, rF+ Str+3
                  | Int+5}
 59382 | Vaults:1 | Entered Level 1 of the Vaults
 59787 | Vaults:1 | Found Yfuegg's Book Boutique.
 59835 | Vaults:1 | Reached skill level 15 in Fighting
 59858 | Vaults:1 | Noticed Norris
 59894 | Vaults:1 | Killed Norris
 59895 | Vaults:1 | Reached skill level 10 in Air Magic
 60262 | Vaults:1 | Found Befolapu's Antique Weapon Shop.
 60386 | Vaults:1 | Received a gift from Sif Muna
 60387 | Vaults:1 | Got Sif Muna's Information on Bewitching Hyperthermia {god
                  | gift}
 60933 | Vaults:1 | Found Plog's Book Shop.
 61218 | Vaults:1 | Found Uritzoyk's Assorted Antiques.
 61296 | Vaults:1 | Bought a scroll of poison for 132 gold pieces
 61296 | Vaults:1 | Bought a scroll of fear for 132 gold pieces
 61296 | Vaults:1 | Bought 2 potions of curing for 198 gold pieces
 61296 | Vaults:1 | Bought a scroll of teleportation for 99 gold pieces
 61407 | Vaults:2 | Noticed Zenata
 62208 | Vaults:2 | Killed Zenata
 62383 | Vaults:2 | Reached skill level 15 in Dodging
 62606 | Vaults:2 | Received a gift from Sif Muna
 62607 | Vaults:2 | Got Sif Muna's Annotations on Voltage and Toxicity {god
                  | gift}
 62768 | Vaults:2 | Found a staircase to the Crypt.
 62907 | Vaults:2 | Noticed Donald
 62910 | Vaults:2 | Killed Donald
 62979 | Vaults:2 | Noticed Mara
 62987 | Vaults:2 | Killed Mara
 62988 | Vaults:2 | Reached skill level 15 in Stealth
 63597 | Vaults:3 | Found a magical portal.
 63609 | WizLab   | Entered The Chambers of the Cloud Mage
 63626 | WizLab   | Paralysed by an air elemental for 1 turns
 63636 | WizLab   | Reached XP level 22. HP: 180/180 MP: 9/38
 63790 | WizLab   | Paralysed by an air elemental for 1 turns
 63793 | WizLab   | Paralysed by an air elemental for 1 turns
 63797 | WizLab   | Paralysed by an air elemental for 1 turns
 64374 | WizLab   | Paralysed by an air elemental for 1 turns
 64378 | WizLab   | Paralysed by an air elemental for 1 turns
 64383 | WizLab   | Paralysed by an air elemental for 1 turns
 64388 | WizLab   | Paralysed by an air elemental for 1 turns
 64390 | WizLab   | Paralysed by an air elemental for 1 turns
 65463 | Elf:2    | Bought a scroll of teleportation for 51 gold pieces
 65463 | Elf:2    | Bought a scroll of amnesia for 68 gold pieces
 65463 | Elf:2    | Bought a scroll of teleportation for 51 gold pieces
 65474 | Elf:2    | Learned a level 8 spell: Discord
 65753 | Vaults:3 | Received a gift from Sif Muna
 65768 | Vaults:3 | Got Sif Muna's Codex of the Singularity and the Wind {god
                  | gift}
 66168 | Vaults:3 | Paralysed by a formless jellyfish for 1 turns
 67448 | Orc:2    | Bought a scroll of amnesia for 52 gold pieces
 67448 | Orc:2    | Bought a scroll of enchant armour for 97 gold pieces
 67635 | Vaults:4 | Received a gift from Sif Muna
 68083 | Vaults:4 | Noticed Jory
 68095 | Vaults:4 | Killed Jory
 68096 | Vaults:4 | Reached skill level 10 in Evocations
 69392 | Vaults:4 | Received a gift from Sif Muna
 69499 | Vaults:5 | Entered Level 5 of the Vaults
 69552 | Vaults:5 | Reached XP level 23. HP: 164/186 MP: 17/40
 69876 | Vaults:5 | Received a gift from Sif Muna
 70209 | Vaults:5 | Identified the +0 plate armour of the Curious Planets {rN+
                  | Int+3 SInv Stlth-}
 70677 | Vaults:5 | Found the +3 pair of gauntlets of War {Slay+5}
 70702 | Vaults:5 | Identified the +5 long sword of the Many Curses {spect, rC+
                  | Int+4}
 70709 | Vaults:5 | Identified the +7 arbalest of Zoliduown {heavy, rElec}
 71195 | Vaults:5 | Learned a level 5 spell: Irradiate
 71226 | Vaults:5 | Found Zeawne's Armour Shoppe.
 71454 | Vaults:5 | Received a gift from Sif Muna
 71455 | Vaults:5 | Reached skill level 15 in Spellcasting
 71455 | Vaults:5 | Got Asmodeus's Elucidation of the Old and Reckless {god
                  | gift}
 71644 | Vaults:5 | Got a silver rune of Zot
 71698 | Vaults:5 | Identified the +0 trident "Xisuig" {drain, Int+5}
 71956 | Vaults:5 | Noticed a dread lich
 71973 | Vaults:5 | Killed a dread lich
 72748 | Depths:1 | Entered Level 1 of the Depths
 73049 | Depths:1 | You fall into a shaft and drop 1 floor!
 73135 | Depths:1 | Noticed Nikola
 73146 | Depths:1 | Killed Nikola
 73253 | Depths:1 | Identified the +0 pair of gloves of the Stone Wall {Harm
                  | rN+ Dex-2 SInv}
 73699 | Depths:1 | Noticed Bai Suzhen
 73719 | Depths:1 | Killed Bai Suzhen
 73795 | Depths:1 | Received a gift from Sif Muna
 73796 | Depths:1 | Got Sif Muna's Vellum of Energetic Toxicology {god gift}
 73914 | Depths:1 | Identified a scroll of acquirement
 73941 | Depths:1 | Acquired the +3 warlock's mirror {omnireflect}
 73941 | Depths:1 | Found the +3 warlock's mirror {omnireflect}
 73993 | Depths:1 | Found a runed translucent gate.
 73994 | Depths:1 | Found a runed translucent gate.
 73995 | Depths:1 | Found a runed translucent gate.
 74178 | Depths:1 | Found a gateway to Hell.
 74936 | Depths:1 | Found a one-way gateway to a ziggurat.
 75026 | Depths:1 | Reached XP level 24. HP: 120/195 MP: 21/42
 75203 | Depths:1 | Learned a level 3 spell: Passwall
 75360 | Depths:2 | Noticed a juggernaut
 75377 | Depths:2 | Killed a juggernaut
 75675 | Depths:2 | Identified the +4 quarterstaff of Xoppi {holy, rElec Int+3}
                  | (You took it off a hell knight on level 2 of the Depths)
 75675 | Depths:2 | Identified the ring "Ymneak" {rN+ Str+6} (You took it off a
                  | hell knight on level 2 of the Depths)
 75794 | Depths:2 | Received a gift from Sif Muna
 76236 | Depths:2 | Identified the +0 glaive of the Beast {flame, rN+ Int+2}
 76497 | Depths:2 | Found a one-way gate leading to the halls of Pandemonium.
 77055 | Elf:2    | Bought the ring "Wekapn" {Will+ Str+6} for 669 gold pieces
 77694 | Depths:3 | Received a gift from Sif Muna
 78867 | Depths:3 | Learned a level 1 spell: Apportation
 78910 | Depths:3 | Received a gift from Sif Muna
 79339 | Depths:3 | Found a one-way gate to the infinite horrors of the Abyss.
 79472 | Depths:3 | Identified the +9 spear of Frustration {flame, rCorr Str+3}
 79506 | Depths:3 | Identified the ring of Padwidull {Fire *Slow rPois Str+4}
 80667 | Depths:4 | Entered Level 4 of the Depths
 81069 | Depths:4 | Noticed Mennas
 81119 | Depths:4 | Killed Mennas
 81402 | Depths:4 | Found a gate to the Realm of Zot.
 81620 | Depths:4 | Received a gift from Sif Muna
 81691 | Depths:4 | Noticed Parghit
 81702 | Depths:4 | Killed Parghit
 81914 | Depths:4 | Reached XP level 25. HP: 196/204 MP: 9/43
 81917 | Depths:4 | Learned a level 2 spell: Blink
 82057 | Depths:4 | Found Joqer's Distillery.
 82059 | Depths:4 | Found Mofaep's General Store.
 82059 | Depths:4 | Found Egoazxy's General Store.
 82062 | Depths:4 | Found Xieh's Distillery.
 82064 | Depths:4 | Bought a potion of ambrosia for 144 gold pieces
 82064 | Depths:4 | Bought a potion of mutation for 144 gold pieces
 82064 | Depths:4 | Bought a potion of haste for 180 gold pieces
 82064 | Depths:4 | Bought a potion of curing for 54 gold pieces
 82064 | Depths:4 | Bought a potion of lignification for 54 gold pieces
 82064 | Depths:4 | Bought a potion of heal wounds for 90 gold pieces
 82064 | Depths:4 | Bought a potion of heal wounds for 90 gold pieces
 82064 | Depths:4 | Bought a potion of might for 72 gold pieces
 82067 | Depths:4 | Bought a potion of curing for 36 gold pieces
 82067 | Depths:4 | Bought a scroll of immolation for 48 gold pieces
 82067 | Depths:4 | Bought a scroll of amnesia for 48 gold pieces
 82070 | Depths:4 | Bought a potion of ambrosia for 160 gold pieces
 82070 | Depths:4 | Bought a potion of heal wounds for 100 gold pieces
 82070 | Depths:4 | Bought 2 potions of mutation for 320 gold pieces
 82070 | Depths:4 | Bought a potion of brilliance for 80 gold pieces
 82113 | Depths:4 | Reached skill level 1 in Translocations
 82917 | Zot:1    | Entered Level 1 of the Realm of Zot
 83102 | Zot:1    | Noticed an orb of fire
 83110 | Zot:1    | Killed an orb of fire
 83249 | Zot:1    | Identified the +6 double sword of Peace {antimagic, *Rage
                  | rN+ Int+2}
 83260 | Zot:1    | Reached skill level 15 in Invocations
 83867 | Zot:1    | Found a transporter.
 83891 | Zot:1    | Found a transporter.
 83987 | Zot:1    | Received a gift from Sif Muna
 84882 | Zot:1    | Identified the +2 dire flail "Qeloen" {speed, rF+}
 84889 | Zot:1    | Identified the +1 hat of Sorcery {rPois Regen+ Int-3}
 84918 | Zot:1    | Found a transporter.
 86921 | Zot:2    | Noticed Vv
 86938 | Zot:2    | Killed Vv
 89296 | Zot:3    | Reached XP level 26. HP: 198/211 MP: 5/43
 93216 | Zot:5    | Entered Level 5 of the Realm of Zot
 93617 | Zot:5    | Noticed an ancient lich
 93642 | Zot:5    | Killed an ancient lich
 93934 | Zot:5    | Noticed an orb of fire
 94319 | Zot:5    | Gained mutation: You have hidden genetic defects. [an orb
                  | of fire]
 94338 | Zot:5    | Killed an orb of fire
 94342 | Zot:5    | Lost mutation: You have hidden genetic defects. [potion of
                  | mutation]
 94342 | Zot:5    | Gained mutation: Your mind is acute. (Int +4, Str/Dex -1)
                  | [potion of mutation]
 95481 | Zot:5    | Got the Orb of Zot
 96006 | D:1      | Noticed Cengioll the pandemonium lord
 96040 | D:$      | Escaped with the Orb!

Illustrated notes

Levels and vault maps discovered:
D:1:      scummos_arrival_gate, layout_loops_ring, serial_shops,
          nicolae_shop_trees
D:2:      layout_loops_cross, dilly_ecumenical_altar_fadedgnrine
D:3:      layout_loops_ring, tso_altar, mainiacjoe_overflow_paths,
          gammafunk_temple_overflow_pools, reono_crystal_passage
D:4:      layout_gridville, serial_shops, shop
D:5:      layout_loops_ring, uniq_sigmund
D:6:      layout_rooms, nicolae_ru_awakened_eye, lemuel_temple_firewalk_a,
          ebering_ghost_inner_flame, minmay_microvault
D:7:      layout_basic, general_overflow_altar, mainiacjoe_overflow_brackets,
          nicolae_lava_and_water
D:8:      layout_rooms, elyvilon_altar_4, enter_bailey_2, uniq_prince_ribbit1
D:9:      layout_irregular_city, lemuel_coloured_pillars_altar, serial_shops,
          shop, kennysheep_diamond
D:10:     layout_basic, mainiacjoe_overflow_surrounded_room, lemuel_tele_altar,
          kennysheep_slug_shrine, mainiacjoe_overflow_boulevard,
          minmay_lair_entry_grove, minmay_variable_closet,
          kennysheep_island_fort, uniq_maggie
D:11:     layout_gridville, trove_entry_hex_spiral, okawaru_ov_weapons_minmay
D:12:     layout_long_grid, erik_orc_4, special_room [special_room_orc],
          marbit_kobold_abyssish
D:13:     layout_cave_pools, david_vaults_5, hangedman_decor_lopped
D:14:     nicolae_moon_pools, layout_long_grid, nicolae_ashenzari_skybound,
          fountainhead, uniq_josephine
D:15:     hangedman_depths_entry_civil_slaughter, layout_loops_corners,
          corexii_corridor_pit
Temple:   grunt_temple_mini_profane
Lair:1:   layout_hall_layers
Lair:2:   layout_big_grid, elwin_shoals_entry_stream, alex1729_snake_entry_snake
Lair:3:   layout_chaotic_city, serial_bayou, serial_bayou_shore_b,
          serial_bayou_lake_a, serial_bayou_shore_a, serial_bayou_pond_a,
          serial_bayou_pond_e, uniq_amaemon
Lair:4:   layout_roguey, dpeg_slime_entry_corner
Lair:5:   hangedman_lair_tendril_chambers, layout_hall_layers,
          guppyfry_lair_end_dragon
Shoals:1: layout_shoals, ebering_ghost_reflecting_pool,
          nicolae_shoals_goliath_grotto, uniq_frances, uniq_louise
Shoals:2: cheibrodos_shoals_three_sisters, layout_shoals, serial_shops,
          nicolae_shop_hallway_stairs, gammafunk_ghost_arena
Shoals:3: layout_shoals, lemuel_oklob_altar
Shoals:4: shoals_end_simple, layout_shoals, nicolae_shoals_beach_cooler
Snake:1:  layout_onion_interference, drop_trap, serial_bayou_ford_a,
          nicolae_snake_snake_lake, lemuel_fruit_tree
Snake:2:  layout_chambers, gammafunk_ghost_berserking_beasts, basic_altar,
          grunt_megastairs_4, uniq_aizul
Snake:3:  layout_rooms, nicolae_snake_biting_tails, uniq_saint_roka,
          uniq_mlioglotl
Snake:4:  grunt_snake_rune_spirals, layout_onion, gammafunk_ghost_grave,
          portal_ice_cave_entry_ice_statue_one, drop_trap,
          hangedman_snake_pattern, grunt_ministairs_2,
          serial_library_hellmonk_open_square, minmay_snake_pond
Orc:1:    layout_caves
Orc:2:    st_orc_ogre_mass, layout_diamond_mine, nicolae_orc_found_a_spring,
          mines2_david
Elf:1:    eino_elf_arrival_customs, layout_geoelf_diagonals,
          hellmonk_ghost_big_iron, minivault_28
Elf:2:    nicolae_elf_blades_crystal_corner, layout_rooms, serial_shops,
          freezing_bzr, minmay_shop_star, uniq_agnes
Elf:3:    minmay_elf_hall_x, layout_geoelf_octagon
Vaults:1: st_cells, nicolae_vaults_tetromino_L_2, v_misc_16, vaults_dpeg_ring,
          nicolae_vaults_closet_pinwheel_1, vaults_dpeg_emergency_exit,
          nicolae_vaults_tetromino_L_1, layout_vaults_chaotic_city,
          serial_shops, nicolae_diamond_shop, nicolae_shop_dealshenge,
          nicolae_shop_tiny_statue_garden, shop, uniq_norris
Vaults:2: ontoclasm_vaults_gateway, nicolae_vaults_lightning_bolt,
          nicolae_vaults_more_shelving_2, nicolae_vaults_offset_grid_hallway_3,
          vaults_standard_mumra_enter_the_diamond,
          nicolae_vaults_cornered_office, hangedman_vaults_river_flow,
          vaults_mumra_chevron_long, nicolae_vaults_yaktaur_gun_rack,
          nicolae_vaults_little_squares_4, grunt_vaults_funnel,
          hangedman_vaults_impose, grunt_vaults_focal,
          minmay_crypt_entry_skeletal_spiral, layout_vaults_maze_bifur,
          uniq_mara, uniq_zenata, uniq_donald
Vaults:3: mu_enter_wizlab_3, nicolae_vaults_shock_wave, v_misc_14,
          ontoclasm_vaults_claustrophobia, vaults_dpeg_doors,
          hangedman_vaults_unwind, vaults_room_grunt_arrival_ludios,
          vaults_room_fours, hangedman_vaults_stagger, layout_vaults_ring
Vaults:4: nicolae_vaults_doubleplus_tesselated, nicolae_vaults_network_square,
          nicolae_vaults_closet_pinwheel_5, vaults_room_corners,
          nicolae_vaults_closet_pinwheel_4, vaults_mumra_minichess,
          nicolae_vaults_tetromino_L_2, layout_vaults_quadrants, uniq_jory
Vaults:5: serial_shops
Depths:1: minmay_polygon_palace, layout_basic, enter_ziggurat_a,
          grunt_mini_vestibule, serial_rivers, chequers_serial_rivers_small_b,
          chequers_serial_rivers_micro_e, chequers_serial_rivers_small_a,
          chequers_serial_rivers_small_b, chequers_serial_rivers_marsh,
          pandoras_box_mu, uniq_nikola, uniq_bai_suzhen
Depths:2: minmay_strange_plus, layout_cave_pools, minmay_staircase_statues,
          pf_dread_powers_of_hell, grunt_pan_entry_in_and_out
Depths:3: radiant_caverns_b_rkd, hell_entry, abyss_entry
Depths:4: grunt_crosshair, layout_basic, hell_entry, rand_demon_pan_entry_3,
          abyss_entry, st_stairs_12, minmay_shoptagon, uniq_mennas, uniq_parghit
Zot:1:    gammafunk_sealed_arena, layout_onion, nicolae_rock_paper_scissors,
          grunt_megastairs_1
Zot:2:    layout_misc_corridors, uniq_vv
Zot:3:    regret_index_zot_pan_timeshare, layout_cellular_growth, st_stairs_11,
          uniq_josephina
Zot:4:    layout_gridlike, regret_index_zotdec_banners
Zot:5:    layout_misc_corridors

Skill      XL: |  1  2  3  4  5  6  7  8  9 10 11 12 13 14 15 16 17 18 19 20 21 22 23 24 25 26 |
---------------+-------------------------------------------------------------------------------+-----
Conjurations   | 1 2 4 |  4.0
Fighting       | 1 2 3 4 5 6 8 9 10 11 12 13 14 16 17 18 | 18.5
Stealth        | 4 5 6 8 10 11 12 13 14 15 16 17 | 17.8
Air Magic      | 1 2 3 4 5 6 8 9 10 | 10.0
Short Blades   | 1 2 3 4 6 8 9 10 11 13 14 | 14.0
Hexes          | 1 3 4 5 6 8 9 10 11 12 14 17 19 20 | 20.0
Alchemy        | 5 6 7 8 10 11 12 | 12.0
Spellcasting   | 3 4 6 8 10 11 12 13 15 16 17 | 17.1
Invocations    | 3 5 6 7 8 9 10 11 12 14 19 20 | 20.1
Dodging        | 4 6 8 9 10 12 15 18 | 18.8
Shields        | 3 5 |  5.0
Armour         | 2 4 |  4.5
Earth Magic    | 2 4 6 7 8 10 | 10.0
Necromancy     | 3 6 9 12 | 12.0
Evocations     | 2 4 5 7 11 12 | 12.9
Fire Magic     | 2 3 |  3.0
Summonings     | 2 5 7 8 |  8.0
Translocations | 3 |  3.0

Action                     |  1- 3 |  4- 6 |  7- 9 | 10-12 | 13-15 | 16-18 | 19-21 | 22-24 | 25-27 || total
---------------------------+-------+-------+-------+-------+-------+-------+-------+-------+-------++-------
  Melee: Club              |    12 |       |       |       |       |       |       |       |       ||    12
         Dagger            |    18 |    72 |   229 |   557 |  1787 |   827 |  1078 |   861 |   557 ||  5986
         Bite              |     3 |    11 |    22 |    89 |   324 |   169 |   231 |   206 |   139 ||  1194
         Short sword       |     8 |    38 |       |       |       |       |       |       |       ||    46
         Punch             |     1 |     1 |     4 |       |       |       |       |       |       ||     6
         Falchion          |       |       |       |     2 |       |    29 |     9 |       |       ||    40
         Staff             |       |       |       |       |    20 |       |       |       |       ||    20
         Spear             |       |       |       |       |     3 |       |       |       |       ||     3
         Rapier            |       |       |       |       |       |       |    30 |       |    31 ||    61
  Throw: Javelin           |    13 |    22 |    26 |     2 |       |       |       |       |       ||    63
         Stone             |     1 |     5 |     1 |       |       |       |       |       |       ||     7
         Dart              |       |     2 |    32 |    23 |    51 |    73 |    14 |       |     5 ||   200
         Throwing net      |       |       |       |       |       |       |       |     2 |     1 ||     3
   Cast: Sting             |    42 |    51 |    34 |    31 |     8 |       |       |       |       ||   166
         Mercury Vapours   |     5 |    16 |    36 |    30 |    34 |     2 |       |       |       ||   123
         Confusing Touch   |       |     3 |    14 |    40 |   122 |    99 |    72 |    67 |    26 ||   443
         Mephitic Cloud    |       |       |    11 |    33 |    88 |    23 |    81 |     6 |     4 ||   246
         Dazzling Flash    |       |       |       |    17 |    56 |    47 |       |       |       ||   120
         Apportation       |       |       |       |       |     4 |       |    18 |     9 |       ||    31
         Lee's Rapid Decon |       |       |       |       |     7 |    27 |    61 |   111 |    29 ||   235
         Passwall          |       |       |       |       |     4 |    15 |     7 |     4 |    16 ||    46
         Maxwell's Capacit |       |       |       |       |     1 |       |       |       |     1 ||     2
         Borgnjor's Vile C |       |       |       |       |       |   121 |   147 |    31 |    34 ||   333
         Inner Flame       |       |       |       |       |       |    78 |    46 |       |       ||   124
         Enfeeble          |       |       |       |       |       |    10 |    53 |   114 |   134 ||   311
         Summon Lightning  |       |       |       |       |       |       |    38 |       |       ||    38
         Ignite Poison     |       |       |       |       |       |       |    36 |     4 |     5 ||    45
         Shatter           |       |       |       |       |       |       |     1 |       |     1 ||     2
         Polar Vortex      |       |       |       |       |       |       |     1 |       |       ||     1
         Yara's Violent Un |       |       |       |       |       |       |    40 |    44 |    48 ||   132
         Discord           |       |       |       |       |       |       |       |    60 |    43 ||   103
         Summon Mana Viper |       |       |       |       |       |       |       |    28 |    29 ||    57
         Irradiate         |       |       |       |       |       |       |       |     2 |     3 ||     5
         Blink             |       |       |       |       |       |       |       |       |     1 ||     1
 Invoke: Channel Magic     |       |       |       |       |     3 |     6 |    10 |     3 |     4 ||    26
         Divine Exegesis   |       |       |       |       |     1 |       |     2 |       |     2 ||     5
  Evoke: Wand              |       |       |     2 |    11 |     6 |    12 |    15 |    14 |    22 ||    82
         Condenser vane    |       |       |       |       |       |       |     3 |     1 |       ||     4
         Sack of spiders   |       |       |       |       |       |       |     3 |     3 |     3 ||     9
         Phial of floods   |       |       |       |       |       |       |     2 |     1 |       ||     3
         Lightning rod     |       |       |       |       |       |       |       |     3 |     3 ||     6
         Phantom mirror    |       |       |       |       |       |       |       |     2 |       ||     2
    Use: Scroll            |       |     8 |    11 |     5 |    11 |     9 |    22 |    10 |     7 ||    83
         Potion            |       |     1 |     1 |     4 |     4 |     4 |     5 |     7 |    12 ||    38
   Stab: Sleeping          |     4 |    11 |     1 |    10 |    16 |    27 |    51 |    35 |    23 ||   178
         Confused          |       |     2 |    22 |    80 |   187 |   111 |   131 |    67 |    29 ||   629
         Invisible         |       |       |       |     8 |    38 |    28 |    37 |    85 |    86 ||   282
         Distracted        |       |       |       |     1 |     1 |       |     9 |     8 |     7 ||    26
         Paralysed         |       |       |       |       |       |       |       |     1 |       ||     1
         Held in net/web   |       |       |       |       |       |       |       |     6 |     1 ||     7
         Petrified         |       |       |       |       |       |       |       |     1 |       ||     1
 Armour: Robe              |    20 |    39 |   117 |    52 |       |       |   388 |   287 |   238 ||  1141
         Steam dragon scal |       |       |       |   147 |   358 |       |       |       |       ||   505
         Leather armour    |       |       |       |       |   219 |   281 |    48 |       |       ||   548
  Dodge: Dodged            |    31 |    47 |   140 |   287 |  1046 |   508 |   670 |   426 |   335 ||  3490
         Repelled          |       |       |       |       |       |    38 |    14 |       |       ||    52
  Block: Buckler           |       |       |       |    65 |   309 |   130 |   288 |   212 |   170 ||  1174
         Reflection        |       |       |       |       |       |       |       |    10 |    33 ||    43

Table legend: (Time is in decaauts)
 A = Elapsed time spent in this place.
 B = Non-inter-level travel time spent in this place.
 C = Inter-level travel time spent in this place.
 D = Time resting spent in this place.
 E = Time spent auto-exploring this place.
 F = Levels seen in this place.
 G = Mean time per level.
                   A        B        C        D        E       F      G
               +--------+--------+--------+--------+--------+-----+--------+
         Total |  94275 |  83790 |  10485 |  26522 |  28929 |  53 | 1778.8 |
       Dungeon |  22692 |  18357 |   4335 |   3012 |   8200 |  15 | 1512.8 |
        Temple |     26 |      2 |     24 |      0 |      0 |   1 |   26.0 |
          Lair |   8220 |   7254 |    966 |   1598 |   2951 |   5 | 1644.0 |
        Shoals |   6384 |   6047 |    337 |   1838 |   2386 |   4 | 1596.0 |
     Snake Pit |  11829 |  11201 |    628 |   4899 |   2141 |   4 | 2957.2 |
  Orcish Mines |   2967 |   2179 |    788 |    154 |   1287 |   2 | 1483.5 |
   Elven Halls |   5927 |   4836 |   1091 |   1894 |   1499 |   3 | 1975.7 |
        Vaults |  11081 |  10278 |    803 |   3136 |   3879 |   5 | 2216.2 |
        Depths |   9199 |   8537 |    662 |   3514 |   2910 |   4 | 2299.8 |
           Zot |  12208 |  11361 |    847 |   4727 |   3443 |   5 | 2441.6 |
        Bazaar |    184 |    184 |      0 |      0 |      0 |   1 |  184.0 |
         Trove |     73 |     73 |      0 |      0 |     14 |   1 |   73.0 |
        Bailey |    594 |    594 |      0 |    220 |     37 |   1 |  594.0 |
      Ice Cave |   1629 |   1629 |      0 |    913 |    180 |   1 | 1629.0 |
        Wizlab |   1255 |   1255 |      0 |    615 |      0 |   1 | 1255.0 |
               +--------+--------+--------+--------+--------+-----+--------+

Top non-repeatable levels by time:
 Snake:4: 4989 daAuts
   Zot:3: 3764 daAuts
 Snake:2: 3191 daAuts
Vaults:5: 2959 daAuts
   Elf:3: 2856 daAuts
    D:15: 2737 daAuts
Depths:3: 2716 daAuts
   Zot:1: 2706 daAuts
Depths:1: 2432 daAuts
Depths:4: 2372 daAuts
  Lair:4: 2367 daAuts
   Orc:2: 2190 daAuts
Vaults:2: 2180 daAuts
Vaults:1: 2168 daAuts
  Lair:5: 2161 daAuts
